 Dungeon Crawl Stone Soup version 0.28.0-43-g3370ac3207 (webtiles) character file.

Game seed: 9537738797314814352

8618 terff the Basher (level 11, -12/126 HPs)
             Began as a Human Fighter on Mar 30, 2022.
             Was an Initiate of Okawaru.
             Mangled by an orc warrior
             ... wielding a +0 short sword
              (13 damage)
             ... on level 11 of the Dungeon.
             The game lasted 00:36:41 (15933 turns).

terff the Basher (Human Fighter)                   Turns: 15933, Time: 00:36:41

Health: -12/126    AC: 25    Str: 19    XL:     11   Next: 59%
Magic:  11/11      EV:  2    Int: 14    God:    Okawaru [......]
Gold:   850        SH:  6    Dex: 15    Spells: 10/10 levels left

rFire   . . .      SeeInvis +   m - +2 whip (venom)
rCold   . . .      Faith    .   c - +0 buckler
rNeg    . . .      Spirit   .   (armour currently unavailable)
rPois   +          Reflect  .   (helmet currently unavailable)
rElec   .          Harm     .   (cloak currently unavailable)
rCorr   .          Rampage  .   (gloves currently unavailable)
Will    .....      NoTele   +   (boots currently unavailable)
Stlth   ++........              (no amulet)
HPRegen 0.31/turn               f - ring of see invisible
MPRegen 0.12/turn               w - +6 ring of intelligence

@: tree-form
A: stationary, stasis, torment immunity, boosted hp
a: Renounce Religion


You were on level 11 of the Dungeon.
You worshipped Okawaru.
Okawaru was noncommittal.
You were a tree.
You visited 2 branches of the dungeon, and saw 12 of its levels.
You also visited: Ossuary.

You collected 850 gold pieces.

Inventory:

Hand Weapons
 g - a +4 scimitar of flaming
 m - a +2 whip of venom (weapon)
 A - a +4 great sword of protection
Armour
 b - a +0 scale mail
 c - a +0 buckler (worn)
 l - a +0 helmet (melded)
 s - a +1 pair of gloves (melded)
 y - +0 steam dragon scales (melded)
 H - a +0 cloak (melded)
 J - an orb of wrath
Magical Staves
 e - a staff of cold
 k - a staff of death
Jewellery
 f - a ring of see invisible (left branch)
 w - a +6 ring of intelligence (right branch)
Wands
 a - a wand of mindburst (7)
 n - a wand of polymorph (8)
 C - a wand of digging (3)
 D - a wand of iceblast (3)
Scrolls
 h - 2 scrolls of identify
 j - a scroll of vulnerability
 x - 3 scrolls of magic mapping
 G - a scroll of fog
Potions
 d - a potion of might
 i - 2 potions of haste {unknown}
 o - 3 potions of degeneration
 p - 5 potions of flight
 q - a potion of brilliance
 r - 2 potions of cancellation {unknown}
 t - 6 potions of curing
 u - a potion of invisibility {unknown}
 v - 4 potions of attraction
 z - a potion of lignification
 I - a potion of resistance {unknown}
Miscellaneous
 B - a lightning rod (1/4)
 E - a phial of floods (inert)


   Skills:
 + Level 7.6 Fighting
 + Level 10.5 Maces & Flails
 + Level 8.7 Armour
 + Level 5.9 Dodging
 + Level 3.4 Stealth
 + Level 6.4 Shields
 + Level 0.8 Evocations


You had 10 spell levels left.
You didn't know any spells.
Your spell library contained the following spells:

 Spells                   Type           Power      Damage    Failure   Level
 Apportation              Tloc           0%         N/A       36%         1
 Beastly Appendage        Tmut           0%         N/A       36%         1
 Magic Dart               Conj           0%         1d3       36%         1
 Sublimation of Blood     Necr           0%         N/A       50%         2
 Wereblood                Tmut           0%         N/A       50%         2
 Ignite Poison            Fire/Tmut/Pois 0%         N/A       73%         3
 Mephitic Cloud           Conj/Pois/Air  0%         N/A       73%         3
 Spider Form              Tmut/Pois      0%         N/A       73%         3
 Petrify                  Tmut/Erth      0%         N/A       98%         4
 Borgnjor's Vile Clutch   Necr/Erth      0%         N/A       100%        5
 Freezing Cloud           Conj/Ice/Air   0%         6-21      100%        5
 Irradiate                Conj/Tmut      0%         3d14      100%        5
 Animate Skeleton         Necr           Unusable   N/A       N/A         1
 Summon Small Mammal      Summ           Unusable   N/A       N/A         1
 Call Imp                 Summ           Unusable   N/A       N/A         2
 Summon Guardian Golem    Hex/Summ       Unusable   N/A       N/A         3
 Animate Dead             Necr           Unusable   N/A       N/A         4
 Summon Lightning Spire   Summ/Air       Unusable   N/A       N/A         4
 Death Channel            Necr           Unusable   N/A       N/A         6
 Summon Cactus Giant      Summ           Unusable   N/A       N/A         6

Dungeon Overview and Level Annotations

Branches:
Dungeon (11/15)            Temple (1/1) D:5            Lair (0/6) D:8
Ossuary (visited)
    Orc: D:9-12

Altars:
Ashenzari
Cheibriados
Dithmenos
Elyvilon
Fedhas
Gozag
Hepliaklqana
Kikubaaqudgha
Makhleb
Nemelex Xobeh
Okawaru
Qazlal
Ru
Trog
Uskayaw
Vehumet
Wu Jian
Xom
Yredelemnul
The Shining One

Shops:
D:2 [(

Annotations:
D:10 3 runed translucent doors, JamesMcGaha's ghost, journeyman GrBe


Message History

The two-headed ogre hits you with a +0 giant spiked club!
* * * LOW HITPOINT WARNING * * *
You block the two-headed ogre's attack.
The orc warrior hits you but does no damage.
The orc warrior hits you with a +0 hand axe!
* * * LOW HITPOINT WARNING * * *
The orc priest looks satisfied for a moment.
You block the orc warrior's attack. The orc hits you with a staff of earth.
* * * LOW HITPOINT WARNING * * *
The orc knight roars a battlecry!
The orcs go into a battle-frenzy!
Unknown command.
Aiming: Thunderbolt
Press: ? - help, Shift-Dir - straight line, f/p - orc priest
Aim: an orc priest, wielding a +2 vorpal hand axe and wearing a +0 chain mail (severely wounded, strong)
The thunderbolt hits the orc priest.
You kill the orc priest!
Okawaru accepts your kill.
The thunderbolt hits the orc!!
You kill the orc!
Okawaru accepts your kill. You block the orc's attack.
The orc warrior barely misses you.
The orc warrior hits you but does no damage.
The orc hits you but does no damage.
The orc warrior hits you but does no damage.
You block the two-headed ogre's attack.
The two-headed ogre hits you with a +0 giant spiked club.
* * * LOW HITPOINT WARNING * * *
The orc knight hits you but does no damage.
Aiming: Thunderbolt
Press: ? - help, Shift-Dir - straight line, f - orc knight
Aim: an orc knight, wielding a +0 glaive and wearing a +0 chain mail The thunderbolt hits the orc knight!
The orc knight is moderately wounded.
The thunderbolt hits the two-headed ogre!!
The two-headed ogre is heavily wounded.
The orc hits you but does no damage.
An orc comes into view. It is wielding a +0 whip.
The orc warrior hits you with a +0 short sword!
You die...

8.. #. .'. ##.
.8 .... ..#
..... ..#
.....####..#
#.......o..#
#.....ooo..#...
#.)..))♣o..8..⌠
#....oOoo..'...
....o#####.8...
..... $#...
#... # ## #..
#..


You could see an orc knight, a two-headed ogre, 3 orc warriors, an orc priest
(strong) and 4 orcs.

Vanquished Creatures
  Erica (D:10)
  3 two-headed ogres
  2 trolls (D:10)
  A hornet (D:8)
  2 wyverns
  2 wraiths
  4 steam dragons
  Menkaure (D:5)
  3 water moccasins
  6 sky beasts
  An ice beast (D:6)
  2 black bears
  3 ogres
  3 necrophages
  2 centaurs
  A phantom (D:5)
  A kobold brigand (D:9)
  4 bullfrogs (D:6)
  5 scorpions
  15 killer bees
  5 wights
  2 electric eels (D:6)
  2 howler monkeys
  A crimson imp (D:8)
  2 centaur zombies (D:8)
  A bullfrog zombie (D:6)
  A human zombie (Ossuary)
  2 centaur skeletons
  2 orc priests
  A gnoll shaman (D:6)
  A hound (D:4)
  3 jellies
  3 iguanas
  4 orc wizards
  4 mummies (Ossuary)
  2 hound skeletons
  2 howler monkey zombies
  Robin (D:3)
  3 gnolls (D:6)
  6 adders
  3 white imps
  3 adder zombies (Ossuary)
  An adder skeleton (D:4)
  4 worms
  2 dart slugs
  20 orcs
  6 ball pythons
  3 bats
  3 endoplasms
  2 giant cockroaches
  15 goblins
  12 hobgoblins
  7 quokkas
  A frilled lizard (D:2)
  7 kobolds
  4 kobold zombies (Ossuary)
  8 rats
  4 rat zombies (Ossuary)
215 creatures vanquished.

Vanquished Creatures (others)
  16 plants
16 creatures vanquished.

Grand Total: 231 creatures vanquished

Notes
Turn   | Place    | Note
-------+----------+-------------------------------------------
     0 | D:1      | terff the Human Fighter began the quest for the Orb.
     0 | D:1      | Reached XP level 1. HP: 18/18 MP: 1/1
    90 | D:1      | Reached XP level 2. HP: 22/24 MP: 2/2
   524 | D:1      | Reached XP level 3. HP: 10/29 MP: 3/3
   921 | D:1      | You fall into a shaft and drop 1 floor!
   953 | D:2      | Found Zeineir's Weapon Boutique.
  1170 | D:2      | Reached XP level 4. HP: 30/35 MP: 4/4
  1437 | D:2      | Reached skill level 3 in Maces & Flails
  1604 | D:2      | Found Mopeuwn's Antique Armour Emporium.
  1937 | D:3      | Noticed Robin
  1967 | D:2      | Reached XP level 5. HP: 27/41 MP: 5/5
  2095 | D:3      | Killed Robin
  2100 | D:3      | Reached skill level 1 in Dodging
  2724 | D:4      | Noticed an ogre
  2749 | D:4      | Killed an ogre
  2750 | D:4      | Reached skill level 4 in Maces & Flails
  2750 | D:4      | Reached XP level 6. HP: 32/47 MP: 6/6
  3128 | D:4      | Noticed an ogre
  3133 | D:4      | HP: 1/48 [ogre/+0 giant club (6)]
  3137 | D:4      | Killed an ogre
  3138 | D:4      | Reached skill level 5 in Maces & Flails
  3138 | D:4      | Reached XP level 7. HP: 2/53 MP: 7/7
  3466 | D:4      | Reached skill level 1 in Stealth
  3735 | D:4      | Got the Handbook of Companions
  3848 | D:5      | Entered Level 5 of the Dungeon
  4552 | D:5      | Found a sparkling altar of Nemelex Xobeh.
  4553 | D:5      | Found a shimmering altar of Xom.
  4554 | D:5      | Found an opulent altar of Gozag.
  4655 | D:5      | Reached XP level 8. HP: 57/60 MP: 8/8
  4745 | D:5      | Noticed Menkaure
  4764 | D:5      | Killed Menkaure
  4765 | D:5      | Reached skill level 6 in Maces & Flails
  4765 | D:5      | Reached skill level 5 in Armour
  5716 | D:6      | Reached XP level 9. HP: 55/67 MP: 9/9
  5757 | D:6      | Found a sand-covered staircase.
  5764 | Ossuary  | Entered an ossuary
  6097 | Ossuary  | Reached skill level 5 in Fighting
  6485 | D:6      | Reached skill level 7 in Maces & Flails
  8037 | D:7      | Reached skill level 8 in Maces & Flails
  8280 | D:7      | Reached skill level 5 in Shields
  8744 | D:7      | Reached XP level 10. HP: 16/72 MP: 10/10
  9151 | D:8      | Found a staircase to the Lair.
  9418 | D:8      | Noticed a two-headed ogre
  9467 | D:8      | Killed a two-headed ogre
  9646 | D:8      | Found an ornate altar of the Wu Jian Council.
  9812 | D:8      | Paralysed by a hornet for 2 turns
  9816 | D:8      | Reached skill level 9 in Maces & Flails
  9816 | D:8      | Reached skill level 5 in Dodging
 11499 | D:9      | Noticed a two-headed ogre
 11531 | D:9      | Killed a two-headed ogre
 11532 | D:9      | Reached XP level 11. HP: 5/83 MP: 11/11
 12586 | D:10     | Entered Level 10 of the Dungeon
 12774 | D:10     | Noticed Erica
 13009 | D:10     | Killed Erica
 13010 | D:10     | Reached skill level 10 in Maces & Flails
 14003 | D:10     | Found a runed translucent gate.
 14004 | D:10     | Found a runed translucent gate.
 14016 | D:10     | Found a runed translucent gate.
 14017 | D:10     | Noticed JamesMcGaha's ghost (journeyman GrBe)
 14017 | D:10     | Noticed a nine-headed hydra
 14017 | D:10     | Noticed a 12-headed hydra
 14769 | D:5      | Found a staircase to the Ecumenical Temple.
 14780 | Temple   | Entered the Ecumenical Temple
 14858 | Temple   | Became a worshipper of Warmaster Okawaru
 14989 | D:11     | Noticed an orc knight
 14989 | D:11     | Noticed a two-headed ogre
 14990 | D:11     | Noticed a two-headed ogre
 15017 | D:10     | Killed a two-headed ogre
 15922 | D:11     | Noticed an orc knight
 15931 | D:11     | HP: 3/126 [orc warrior/+0 hand axe (13)]
 15932 | D:11     | HP: 1/126 [two-headed ogre/+0 giant spiked club (1)]
 15933 | D:11     | Mangled by an orc warrior

Illustrated notes

Levels and vault maps discovered:
D:1:      evilmike_arrival_crescent, layout_basic, serial_rivers,
          chequers_serial_rivers_small_a, chequers_serial_rivers_small_a,
          chequers_serial_rivers_small_b, chequers_serial_rivers_small_b,
          minmay_misc_feat_plants, serial_bayou_lagoon_a
D:2:      layout_loops_ring, serial_shops, nicolae_shop_advertising_works
          [nicolae_subvault_shop_adworks], nicolae_shop_behind_doors
D:3:      layout_rooms, chequers_mini_garden, kennysheep_nub, uniq_robin
D:4:      layout_rooms, patterned_corridor
D:5:      minmay_opposing_rooms, layout_basic, minitemple,
          minmay_temple_entry_enclosed_plants, uniq_menkaure
D:6:      layout_basic, nicolae_ossuary_entry_ruins, serial_bayou,
          serial_bayou_pond_d, serial_bayou_lagoon_b, serial_bayou_pond_d,
          serial_bayou_shore_b, serial_bayou_pond_a
D:7:      layout_cave_pods
D:8:      layout_basic, lemuel_tele_altar, lair_entry_dummy,
          minmay_fire_ice_demons
D:9:      layout_basic, kennysheep_generic_room_13
D:10:     layout_long_grid, enter_bailey_2, gammafunk_ghost_hydra_chop,
          hangedman_misty_isle, uniq_erica
D:11:     layout_small_grid, david_orc_5, hangedman_decor_opposing,
          doesnt_shop_hydraphobe
Temple:   mainiacjoe_temple_coin_purse

Skill      XL: |  1  2  3  4  5  6  7  8  9 10 11 |
---------------+----------------------------------+-----
Maces & Flails | 3 4 5 6 8 9 10 | 10.5
Dodging        | 1 2 4 5 |  5.9
Armour         | 4 5 6 8 |  8.7
Stealth        | 1 2 3 |  3.4
Fighting       | 4 5 6 7 |  7.6
Shields        | 4 5 6 |  6.4
Evocations     | |  0.8

Action                   |  1- 3 |  4- 6 |  7- 9 | 10-12 || total
-------------------------+-------+-------+-------+-------++-------
Melee: Flail             |    79 |    94 |       |       ||   173
       Whip              |       |    68 |   456 |   422 ||   946
Evoke: Phial of floods   |       |       |       |     1 ||     1
       Lightning rod     |       |       |       |     3 ||     3
  Use: Scroll            |     2 |     5 |    10 |     7 ||    24
       Potion            |       |       |     1 |     6 ||     7
 Stab: Sleeping          |       |       |       |     1 ||     1
Armor: Scale mail        |    31 |   106 |   134 |   155 ||   426
       Skin              |       |       |   111 |    22 ||   133
       Steam dragon scal |       |       |       |    19 ||    19
Dodge: Dodged            |    31 |    93 |   150 |   207 ||   481
Block: Buckler           |    19 |    63 |   103 |   111 ||   296
